Cogmind - Beta 9.5 @@@ ROGUE MODE // 2020.04.08 @ 10:55:36 // AFD2020/Player2 Player: Nalzok Result: Core destroyed Performance ------------- Evolutions (0) 0 Regions Visited (2) 400 Robots Destroyed (14) 70 Value Destroyed (30) 30 Prototype IDs (0) 0 Alien Tech Used (0) 0 Bonus (-249) -249 TOTAL SCORE: 251 Bonus ------- Friendly Fire -249 Cogmind --------- Core Integrity 0/250 Matter 227/300 Energy 250/250 System Corruption 0% Temperature Cool (0) Movement Walking (180) Ox2 Location -10/Mines Parts ------- > --- POWER (1) -------- Ion Engine > --- PROPULSION (2) --- Aluminum Leg > --- UTILITY (2) ------ Small Storage Unit Large Storage Unit > --- WEAPON (2) ------- Medium Laser Assault Rifle > --- INVENTORY (12) --- Ion Engine Large Storage Unit Assault Rifle Peak State ------------ > --- POWER ------------ Ion Engine > --- PROPULSION ------- Aluminum Leg Aluminum Leg > --- UTILITY ---------- Small Storage Unit Large Storage Unit > --- WEAPON ----------- Assault Rifle Rocket Launcher > --- INVENTORY -------- Ion Engine Large Storage Unit Medium Laser Assault Rifle [Rating: 8] Favorites ----------- Power Ion Engine Engine Ion Engine Propulsion Aluminum Leg Leg Aluminum Leg Utility Small Storage Unit Storage Small Storage Unit Weapon Assault Rifle Energy Gun Medium Laser Ballistic Gun Assault Rifle Launcher Rocket Launcher Build | -11 -10 -10 ------- Run | Scr Mat Min Slots Evolved . | . . . Power . | . . . Propulsion . | . . . Utility . | . . . Weapon . | . . . Parts Attached 3 | . 1 2 Power . | . . . Engine . | . . . Core . | . . . Reactor . | . . . Propulsion . | . . . Treads . | . . . Leg . | . . . Wheel . | . . . Hover . | . . . Flight . | . . . Utility 1 | . 1 . Device . | . . . Storage 1 | . 1 . Processor . | . . . Hackware . | . . . Protection . | . . . Artifact . | . . . Weapon 2 | . . 2 Energy Gun 1 | . . 1 Energy Cannon . | . . . Ballistic Gun . | . . . Ballistic Cannon . | . . . Launcher 1 | . . 1 Special Weapon . | . . . Impact Weapon . | . . . Slashing Weapon . | . . . Piercing Weapon . | . . . Special Melee Weapon . | . . . Unidentified Prototypes . | . . . Parts Lost 2 | . . 2 Power . | . . . Propulsion 1 | . . 1 Utility . | . . . Weapon 1 | . . 1 Highest Loss Streak 2 | . . 2 Average Slot Usage (%) 95 | . 98 95 Engine 14 | . 14 14 Leg 25 | . 28 24 Storage 27 | . 26 28 Energy Gun 12 | . 14 11 Ballistic Gun 14 | . 14 14 Launcher 1 | . . 1 Naked Turns . | . . . Heaviest Build 31 | 13 29 31 Greatest Support 20 | 20 20 20 Greatest Overweight (x) 2 | . 1 2 Average Overweight (x) 1 | . . 1 Largest Inventory Capacity 12 | 6 12 12 Average Capacity 11 | 6 11 12 Most Carried 5 | 5 3 4 Average Carried 3 | 3 2 3 Final Capacity 12 | 6 12 12 Final Carried 3 | 2 3 3 Class Distribution -------------------- 100% | Mutant Dominant Class ---------------- Mutant | -10/Materials Mutant | -10/Mines Resources | -11 -10 -10 ----------- Run | Scr Mat Min Matter Collected 255 | 200 . 55 Remotely . | . . . Salvage Created 99 | . . 99 Parts 7 | . . 7 Haulers Intercepted . | . . . Recyclers Shooed . | . . . Parts Field Recycled . | . . . Retrieved Matter . | . . . Parts Self-Destructed . | . . . Prevented . | . . . Kills | -11 -10 -10 ------- Run | Scr Mat Min Combat Hostiles Destroyed 14 | . . 14 Guns 6 | . . 6 AOE 8 | . . 8 Classes Destroyed 2 | . . 2 Swarmer 3 | . . 3 Assembled 11 | . . 11 Best Kill Streak 11 | . . 11 Combat Bots Only 11 | . . 11 Max Kills in Single Turn 3 | . . 3 Gunslinging 1 | . . 1 Exploded 3 | . . 3 Melee . | . . . Uniques/NPCs Destroyed . | . . . Combat | -11 -10 -10 -------- Run | Scr Mat Min Damage Taken 470 | . . 470 Core 99 | . . 99 Absorbed by Shields . | . . . Core Remaining (%) 100 | 100 . . Volleys Fired 25 | . . 25 Largest 2 | . . 2 Hottest 70 | . . 70 Shots Fired 34 | . . 34 Gun 31 | . . 31 Cannon . | . . . Launcher 3 | . . 3 Special . | . . . Kinetic 25 | . . 25 Thermal 6 | . . 6 Explosive 3 | . . 3 Electromagnetic . | . . . Robot Hit Streak 4 | . . 4 Robot Miss Streak 4 | . . 4 Penetration Max . | . . . Secondary Targets 1 | . . 1 Max Gunslinging Chain 1 | . . 1 Shots Hit Robots 18 | . . 18 Core Hits 22 | . . 22 Critical Hits 1 | . . 1 Critical Kills . | . . . Critical Parts Destroyed 1 | . . 1 Melee Attacks . | . . . Impact . | . . . Slashing . | . . . Piercing . | . . . Sneak Attacks . | . . . Combat Hostiles . | . . . Follow-up Attacks . | . . . Damage Inflicted 810 | . . 810 Guns 195 | . . 195 Cannons . | . . . Explosions 615 | . . 615 Melee . | . . . Ramming . | . . . Kinetic 170 | . . 170 Thermal 25 | . . 25 Explosive 615 | . . 615 Electromagnetic . | . . . Impact . | . . . Slashing . | . . . Piercing . | . . . Highest Corruption . | . . . Average Corruption . | . . . Corruption Purged . | . . . Overload Shots . | . . . Overflow Damage 14 | . . 14 Projectiles . | . . . Explosions 14 | . . 14 Melee . | . . . Knockbacks . | . . . Impact . | . . . Kinetic . | . . . Secondary . | . . . Self-Inflicted Damage 76 | . . 76 Shots 2 | . . 2 Rammed . | . . . Targets Rammed . | . . . Kicked . | . . . Crushed . | . . . Highest Temperature 27 | . . 27 Average Temperature 14 | . . 14 Received Heat Transfer . | . . . Siege Activations . | . . . Robots Corrupted . | . . . Combat Hostiles . | . . . Parts Fried . | . . . Impact Corruptions . | . . . Robots Melted . | . . . Combat Hostiles . | . . . Parts Melted . | . . . Heat Transferred 74 | . . 74 Parts Sabotaged . | . . . Parts Stolen . | . . . Parts Stripped . | . . . Power Chain Reactions . | . . . Missiles Intercepted . | . . . Alert | -11 -10 -10 ------- Run | Scr Mat Min Peak Influence 110 | . 22 110 Average Influence 83 | . 6 103 Maximum Alert Level . | . . . Low Security (%) 100 | 100 100 100 Level 1 . | . . . Level 2 . | . . . Level 3 . | . . . Level 4 . | . . . Level 5 . | . . . High Security . | . . . Max Security . | . . . Squads Dispatched . | . . . Investigation . | . . . Extermination . | . . . Reinforcement . | . . . Assault . | . . . Garrison . | . . . Intercept . | . . . Construction Impeded . | . . . Haulers Reinforced . | . . . Stealth | -11 -10 -10 --------- Run | Scr Mat Min Distress Signals . | . . . Communications Jammed . | . . . Distress Signals . | . . . Times Spotted 17 | . 1 16 Peak Tracking Total 10 | . 1 10 Tactical Retreats 1 | . . 1 Traps | -11 -10 -10 ------- Run | Scr Mat Min Traps Triggered . | . . . Indirectly . | . . . Trap Hack Attempts . | . . . Triggered . | . . . Disarmed . | . . . Reprogrammed . | . . . Reused . | . . . Traps Extracted . | . . . Installed . | . . . Triggered . | . . . Machines | -11 -10 -10 ---------- Run | Scr Mat Min Machines Disabled . | . . . Max in Single Turn . | . . . Machines Sabotaged . | . . . Garrisons Compromised . | . . . Overloaded Fab Kills . | . . . Fab Network Shutdowns . | . . . Hacking | -11 -10 -10 --------- Run | Scr Mat Min Machines Accessed 1 | . 1 . Terminals 1 | . 1 . Fabricators . | . . . Repair Stations . | . . . Recycling Units . | . . . Scanalyzers . | . . . Garrison Access . | . . . Total Hacks 1 | . 1 . Successful 1 | . 1 . Failed . | . . . Catastrophic . | . . . Database Lockouts . | . . . Manual 1 | . 1 . Terminals 1 | . 1 . Fabricators . | . . . Repair Stations . | . . . Recycling Units . | . . . Scanalyzers . | . . . Garrison Access . | . . . Terminal Hacks 1 | . 1 . Unreport Threat 1 | . 1 . Fabricator Hacks . | . . . Repair Station Hacks . | . . . Recycling Unit Hacks . | . . . Scanalyzer . | . . . Garrison Access Hacks . | . . . Unauthorized Hacks . | . . . Terminals . | . . . Fabricators . | . . . Repair Stations . | . . . Recycling Units . | . . . Scanalyzers . | . . . Garrison Access . | . . . Data Cores Recovered . | . . . Used . | . . . Hacking Detections . | . . . Full Trace Events . | . . . Feedback Events . | . . . Feedback Blocked . | . . . Robot Schematics Acquired . | . . . Robots Built . | . . . Matter . | . . . Time . | . . . Total Robot Build Rating . | . . . Part Schematics Acquired . | . . . Parts Built . | . . . Matter . | . . . Time . | . . . Total Part Build Rating . | . . . Parts Repaired . | . . . Time . | . . . Parts Recycled . | . . . Recycled Matter . | . . . Retrieved Matter . | . . . Retrieved Components . | . . . Parts Scanalyzed . | . . . Part Schematics Acquired . | . . . Parts Damaged . | . . . Bothacking | -11 -10 -10 ------------ Run | Scr Mat Min Used RIF Installer . | . . . Robots Hacked . | . . . Non-combat . | . . . Combat . | . . . Robot Hacks Applied . | . . . Relay Couplers Released . | . . . Robots Rewired . | . . . Allies Hacked . | . . . Hacks Repelled . | . . . Allies | -11 -10 -10 -------- Run | Scr Mat Min Total Allies 1 | . 1 . Largest Group 1 | . 1 1 Highest-Rated Group 56 | . 52 56 Highest-Rated Ally 56 | . 52 56 Total Orders . | . . . Ally Attacks 14 | . . 14 Total Damage 83 | . . 83 Kills 2 | . . 2 Allies Corrupted . | . . . Allies Melted . | . . . Intel | -11 -10 -10 ------- Run | Scr Mat Min Robot Analysis Total . | . . . Derelict Logs Recovered 1 | . . 1 Drone Launches . | . . . Drone Recoveries . | . . . Exploration | -11 -10 -10 ------------- Run | Scr Mat Min Turns Passed 507 | 4 102 401 Spaces Moved 267 | 2 68 197 Core . | . . . Treads . | . . . Legs 267 | 2 68 197 Wheels . | . . . Hover . | . . . Flight . | . . . Fastest Speed 120 | 120 120 150 Average Speed 154 | 120 147 157 Slowest Speed 180 | 120 150 180 Overloaded Moves . | . . . Propulsion Burnouts . | . . . Robots Hopped . | . . . Cave-ins Triggered . | . . . Exploration Rate (%) 27 | 2 20 60 Regions Visited 2 Branch Regions 1 Pre-discovered Areas . | . . . Known Exits Taken . | . . . Unknown Exits Taken 2 | 1 1 . Scrap Searched . | . . . Spaces Dug . | . . . Terrain Destroyed 36 | . . 36 Melee . | . . . Projectile . | . . . AOE 36 | . . 36 Actions | -11 -10 -10 --------- Run | Scr Mat Min Total 328 | 5 69 254 Wait 29 | . . 29 Move 265 | 1 67 197 Hop . | . . . Pick Up 2 | . 1 1 Fast Attach 1 | . 1 . Attach 1 | . . 1 Detach . | . . . Swap 1 | . . 1 Drop 4 | 4 . . Fire 25 | . . 25 Melee . | . . . Ram . | . . . Kick . | . . . Crush . | . . . Escape Stasis . | . . . Rewire . | . . . Trap . | . . . Miscellaneous . | . . . Route ------- -11/Scrapyard -10/Materials -10/Mines (discovered 1 exit: [*Mat]) History --------- Turn | Location | Event 3 | -11/Scrapyard | Discovered new exit (range 1) 5 | -11/Scrapyard | Entered Materials 75 | -10/Materials | Discovered new exit (range 8) 107 | -10/Materials | Entered Mines 107 | -10/Mines | Accompanied by 1 ally 118 | -10/Mines | Discovered new exit (range 11) 165 | -10/Mines | Received a Rocket Launcher from a helpful Derelict 168 | -10/Mines | Learned location of 1 exit from Materials 317 | -10/Mines | Build established: Mutant 344 | -10/Mines | Assembled infested the area 378 | -10/Mines | Core integrity fell below 50% 437 | -10/Mines | Destroyed 11 combat bots 504 | -10/Mines | Core integrity fell below 20% 508 | -10/Mines | Core destroyed Last Messages --------------- 00406_ Player 2 attaches Med. Matter Pod. 00409_ Aluminum Leg destroyed. 00412_ Destroyed Asb. Hover Unit. 00414_ Rocket Launcher destroyed. 00416_ as-60041 destroyed. 00420_ as-92723 suffers critical hit. 00420_ Destroyed Asb. Rifle. 00425_ The unstable cave ceiling collapses. 00442_ Acquired 10 matter. 00452_ Acquired 1 matter. 00453_ Acquired 7 matter. 00457_ The unstable cave ceiling collapses. 00483_ R-06 Scavenger collects Terrain Scan Processor. 00487_ R-06 Scavenger collects Structural Scanner. 00491_ U-05 Engineer lays Concrete. 00493_ U-05 Engineer builds a Wall. 00493_ U-05 Engineer lays Concrete. 00495_ U-05 Engineer builds a Wall. 00497_ Acquired 10 matter. 00497_ U-05 Engineer builds a Wall. Map ----- +----------------------------------------------------+ | ??????????????# ## ##?? | | ????????????????# ### #??? | | ????????????????## #?## #??? | | ????????????????## ##?## #?? | | ???????????????## #??## #?? | | ???????????????# #????# ##?? | | ??????????????# #?????###??? | | ?????????????# ! ## ##??????????? | | ????????????# !%#?## #???????????? | | ????????????# #??# ####???????? | | ?????????????# """ #??# ##??????? | | ?????????????# """ #??# # #??????? | | ?????????????? ? """ ##?# # #??????? | | ????????????????? #?## # # #??????? | | ?????????????????? #?# ## # #??????? | | ???????????????????# #?# ## #??????? | | ???????????????????# ### # #??????? | | ?????????????????### # #??????? | | ???????????????### ##??????? | | ??????????????## ####???????? | | ??????????????# < #####??????????? | | ???##?????????# ##??????????????? | | ???? ????????# ##?????????????? | | ??? ######## | #?????????????? | | ?????# # %% ####### #???? | | ?????# ###### ####% @ =%]% #???? | | ?????# ###?# =%##### #???? | | ?????###########???# #???????????? | | ???????????????????### # #???????????? | | ?????????????????????#######???????????? | | ???????????????????????????????????????? | | ???????????????????????????????????????? | | ???????????????????????????????????????? | | ???????????????????????????????????????? | | | | | | | | | | | | | | | | | | | | | | | | | | | | | | | | | +----------------------------------------------------+ Best States ------------- Heat Dissipation 25 Energy Generation 10 Energy Capacity 250 Matter Stores 300 Matter Capacity 300 Sight Range 16 Terrain Scan Density 10 Evasion (%) 40 Item Schematics ----------------- None Robot Schematics ------------------ None Fabricated ------------ Nothing Alien Tech Used ----------------- None Achievements -------------- None Challenges ------------ None Game ------ Seed FusionShockBuckler Manual? 0 Play Time 00:06:31 Cumulative 244.0 hours Start 2020.04.08 @ 01:08:14 End 2020.04.08 @ 10:55:36 Sessions 2 Manual Loads 0 Difficulty Rogue Special Mode AFD2020/Player2 Game No. 378 Rogue 377 Adventurer 0 Explorer 1 Win Type - Total 1 Types 1/0/0/0/0/0/0 Lore% 65 Gallery% 78 Achievement% 54 Wizard Run 0 Options --------- ASCII 1 Keyboard 1 Movement Vi Keybinds 0 Fullscreen 2 Font 14/Cog Map View 72x52 Tactical HUD 1 Map Filters NONE Filters LOW_CONTRAST(13,24,33) Steam 0 RUN: be66b6a1-c0da-4f8a-bc92-ffd20720b7d2